 Dungeon Crawl Stone Soup version 0.18.1-48-g4cf74bf (webtiles) character file.

25 Implojin the Ruffian (level 2, -11/26 HPs)
             Began as a Minotaur Fighter on July 22, 2016.
             Mangled by Pikel
             ... wielding a +1 whip of electrocution
              (17 damage)
             ... on level 4 of the Dungeon.
             The game lasted 00:01:19 (300 turns).

Implojin the Ruffian (Minotaur Fighter)              Turns: 300, Time: 00:01:19

Health: -11/26     AC:  6    Str: 25    XL:     2   Next: 86%
Magic:  1/1        EV:  7    Int:  5    God:
Gold:   10         SH:  9    Dex:  9    Spells: 0 memorised, 1 level left

rFire  . . .     SeeInvis .       - Unarmed
rCold  . . .     Gourm    .     a - +0 scale mail
rNeg   . . .     Faith    .     b - +0 shield
rPois  .         Spirit   .     (helmet restricted)
rElec  .         Dismiss  .     (no cloak)
rCorr  .         Reflect  .     (no gloves)
SustAt .         Harm     .     (no boots)
MR     .....                    (no amulet)
Stlth  ..........               (no ring)
                                (no ring)

@: mighty, not resistant to hostile enchantments, extremely unstealthy
A: retaliatory headbutt, horns 2
a: no special abilities


You were on level 4 of the Dungeon.
You were not hungry.

You visited 1 branch of the dungeon, and saw 4 of its levels.

You collected 10 gold pieces.

Inventory:

Armour
 a - a +0 scale mail (worn)
 b - a +0 shield (worn)
Scrolls
 e - a scroll of remove curse {unknown}
 h - a scroll of teleportation {unknown}
Potions
 f - a potion of invisibility {unknown}
 g - 2 potions of curing {unknown}
Comestibles
 d - a bread ration


   Skills:
 - Level 3.6 Fighting
 - Level 3.6 Armour
 - Level 3.6 Shields
 * Level 3.8 Unarmed Combat


You had one spell level left.
You didn't know any spells.

Dungeon Overview and Level Annotations

Branches:
Dungeon (4/15)
 Temple: D:4-7

Altars:
Vehumet

Annotations:
D:4 Pikel


Innate Abilities, Weirdness & Mutations

You reflexively headbutt those who attack you in melee.
You have a pair of horns on your head.


Message History

A slave comes into view.
The slave shouts!
A slave comes into view.
Pikel the Slaver comes into view.
He is wielding a whip of electrocution.
Pikel shouts!
The slave shouts!
The slave moves out of view.
A worm and a slave come into view.
The slave shouts!
The slave moves out of view.
Drink which item? (? for menu, Esc to quit)
You feel very mighty all of a sudden.
Unknown command.
You barely miss the slave. The slave closely misses you.
You furiously retaliate!
You headbutt the slave! You closely miss the slave.
The slave is moderately wounded.
You block the slave's attack.
You miss the slave.
The slave is moderately wounded.
You block the slave's attack.
You hit the slave.
The slave is heavily wounded.
You block the slave's attack.
You punch the slave!
The slave is almost dead.
You block the slave's attack.
You hit the slave.
You kill the slave!
That felt strangely unrewarding.
Your shield and scale mail prevent you from hitting Pikel.
Your headbutt misses Pikel. Pikel hits you but does no damage.
You are electrocuted!
* * * LOW HITPOINT WARNING * * *
Unknown command.
You hit Pikel but do no damage.
Pikel hits you with a whip of electrocution.
* * * LOW HITPOINT WARNING * * *
You are electrocuted!
Ouch! That really hurt!
You die...

. .. #. #. K##. .#.
..####### #p#ppK@.#
##.###.#w###.######## #
.w.......# #........##.#
.......#.###...........#
##.#####............####
##...#$......#
#.######...#.......#
#........###...<...#
#########.##...........


You could see Pikel, 2 slaves and a worm.

Vanquished Creatures
  A slave (D:4)
  An adder (D:2)
  2 dart slugs (D:1)
  3 goblins
  A hobgoblin (D:2)
  A quokka (D:2)
  2 bats
  A giant newt (D:3)
  2 kobolds
14 creatures vanquished.

Notes
Turn   | Place    | Note
--------------------------------------------------------------
     0 | D:1      | Implojin the Minotaur Fighter began the quest for the Orb.
     0 | D:1      | Reached XP level 1. HP: 19/19 MP: 0/0
    45 | D:2      | Reached skill level 3 in Unarmed Combat
    45 | D:2      | Reached XP level 2. HP: 16/26 MP: 1/1
   239 | D:3      | Found a radiant altar of Vehumet.
   285 | D:4      | Noticed a slave
   286 | D:4      | Noticed a slave
   286 | D:4      | Noticed Pikel
   287 | D:4      | Noticed a slave
   298 | D:4      | Killed a slave
   300 | D:4      | Mangled by Pikel

Skill      XL: |  1 |
---------------+----+-----
Unarmed Combat | 3 |  3.8
Fighting       | |  3.6
Armour         | |  3.6
Shields        | |  3.6

Action                   || total
-------------------------++-------
Melee: Unarmed           ||    48
       Headbutt          ||     7
  Use: Potion            ||     1
Armor: Scale mail        ||    18
Dodge: Dodged            ||    13
Block: Shield            ||    21

Table legend:
 A = Turns spent in this place as a percentage of turns spent in the entire game.
 B = Non-inter-level travel turns spent in this place as a percentage of non-inter-level travel turns spent in the entire game.
 C = Inter-level travel turns spent in this place as a percentage of turns spent in this place.
 D = Turns resting spent in this place as a percentage of non-inter-level travel turns spent in this place.
 E = Turns spent auto-exploring this place as a percentage of non-inter-level travel turns spent in this place.
 F = Non-inter-level travel turns spent in this place divided by the number of levels of this place that you've seen.
                   A       B       C       D       E      F
               +-------+-------+-------+-------+-------+----------------------
         Total | 100.0 | 100.0 |   0.0 |   0.0 |   0.0 |  78.8
       Dungeon | 100.0 | 100.0 |   0.0 |   0.0 |   0.0 |  78.8
               +-------+-------+-------+-------+-------+----------------------

Table legend:
 A = Kills in this place as a percentage of kills in entire the game.
 B = Kills by you in this place as a percentage of kills by you in the entire game.
 C = Kills by friends in this place as a percentage of kills by friends in the entire game.
 D = Other kills in this place as a percentage of other kills in the entire game.
 E = Experience gained in this place as a percentage of experience gained in the entire game.
 F = Experience gained in this place divided by the number of levels of this place that you have seen.
                   A       B       C       D       E      F
               +-------+-------+-------+-------+-------+----------------------
         Total | 100.0 | 100.0 |  -nan |  -nan | 100.0 |   9.2
       Dungeon | 100.0 | 100.0 |  -nan |  -nan | 100.0 |   9.2
               +-------+-------+-------+-------+-------+----------------------
